 Dungeon Crawl Stone Soup version 0.31-a0-771-g505c3d19dc (webtiles) character file.

Game seed: 1923904916639346468

465 randomguy2701 the Shield-Bearer (level 7, -2/60 HPs)
             Began as a Gnoll Fighter on Sept 16, 2023.
             Was a Plaything of Xom.
             Slain by an ogre
             ... wielding a +0 giant club
              (25 damage)
             ... on level 4 of the Dungeon.
             The game lasted 00:03:43 (2773 turns).

randomguy2701 the Shield-Bearer (Gnoll Fighter)     Turns: 2773, Time: 00:03:43

Health: -2/60      AC:  9    Str: 15    XL:     7   Next: 8%
Magic:  10/10      EV:  9    Int:  8    God:    Xom [..*...]
Gold:   149        SH:  5    Dex: 13    Spells: 10/10 levels left

rFire   + . .        n - +2 war axe (heavy)
rCold   + . .        c - +0 buckler
rNeg    . . .        b - +0 scale mail
rPois   .            u - +0 helmet
rElec   .            q - scarf {rC+ rF+}
rCorr   .            (no gloves)
SInv    .            (no boots)
Will    .....        (no amulet)
Stlth   +            (no ring)
HPRegen 0.30/turn    (no ring)
MPRegen 0.12/turn

%: no passive effects
@: no status effects
A: fangs 1, strong nose, distributed training
a: Renounce Religion


You were on level 4 of the Dungeon.
You worshipped Xom.
You were a toy of Xom.
You visited 1 branch of the dungeon, and saw 4 of its levels.

You collected 149 gold pieces.

Inventory:

Hand Weapons
 a - a +0 war axe
 n - a +2 heavy war axe (weapon)
Missiles
 k - 2 throwing nets
Armour
 b - a +0 scale mail (worn)
 c - a +0 buckler (worn)
 q - a scarf of resistance (worn)
 u - a +0 helmet (worn)
Wands
 t - a wand of polymorph (14)
Scrolls
 e - 2 scrolls of enchant weapon {unknown}
 j - a scroll of blinking {unknown}
 l - a scroll of vulnerability {unknown}
 p - a scroll of teleportation {unknown}
 r - 2 scrolls of identify {unknown}
 v - 3 scrolls of noise
 w - a scroll of poison {unknown}
Potions
 d - 3 potions of might
 f - 5 potions of heal wounds {unknown}
 g - a potion of ambrosia {unknown}
 h - 2 potions of curing {unknown}
 i - a potion of brilliance {unknown}
 m - 2 potions of enlightenment {unknown}
 o - a potion of magic {unknown}
 s - 2 potions of berserk rage {unknown}


   Skills:
 + Level 7.0 Fighting
 + Level 2.3 Short Blades
 + Level 2.3 Long Blades
 + Level 5.1 Axes
 + Level 2.3 Maces & Flails
 + Level 2.3 Polearms
 + Level 2.3 Staves
 + Level 2.3 Ranged Weapons
 + Level 2.3 Throwing
 + Level 7.0 Armour
 + Level 2.3 Dodging
 + Level 2.3 Stealth
 + Level 7.0 Shields
 + Level 2.3 Unarmed Combat
 + Level 2.3 Spellcasting
 + Level 1.8 Conjurations
 + Level 1.8 Hexes
 + Level 1.8 Summonings
 + Level 1.8 Necromancy
 + Level 1.8 Translocations
 + Level 1.8 Transmutations
 + Level 1.8 Fire Magic
 + Level 1.8 Ice Magic
 + Level 1.8 Air Magic
 + Level 1.8 Earth Magic
 + Level 1.8 Poison Magic
 + Level 2.5 Invocations
 + Level 2.3 Evocations
 + Level 2.1 Shapeshifting


You had 10 spell levels left.
You didn't know any spells.
Your spell library was empty.

Dungeon Overview and Level Annotations

Branches:
Dungeon (4/15)
 Temple: D:4-7

Altars:
Xom

Annotations:
D:4 cforsyth's ghost, amateur DjDe


Innate Abilities, Weirdness & Mutations

You have very sharp teeth.
Your uncanny sense of smell can sniff out nearby items.
Your experience applies equally to all skills.


Message History

The hound bites you. You block the hound's attack. The hound barely misses you.
You closely miss the hound.
The hound is severely wounded.
You block the hound's attack. x2
You slice the hound!!
You kill the hound!
Your Fighting skill increases to level 7!
Your Armour skill increases to level 7!
Your Shields skill increases to level 7!
No target in view!
No target in view!
No target in view!
Cforsyth's ghost turns its malevolent gaze towards you.
Cforsyth's ghost whispers, "There is no future for you."
An ogre comes into view. It is wielding a +0 giant club.
Found a scroll labelled RAAMAS BYMET.
The ogre shouts!
You see here an inky potion.
An ogre is nearby!
An ogre is nearby!
The ogre hits you with a +0 giant club!
You slash the ogre!
The ogre is heavily wounded.
The ogre hits you with a +0 giant club!!
You are too injured to fight recklessly!
You are too injured to fight recklessly!
You are too injured to fight recklessly!
You are too injured to fight recklessly!
You are too injured to fight recklessly!
You are too injured to fight recklessly!
You are too injured to fight recklessly!
You are too injured to fight recklessly!
Unknown command.
You hit the ogre. You bite the ogre, but do no damage.
The ogre is heavily wounded.
You block the ogre's attack.
You hit the ogre.
The ogre is heavily wounded.
The ogre hits you with a +0 giant club!!
You die...

....####...#####.........
...# ####...##.........
.## ######............
#######.....###.........
#...........# ###.......
.........!..# ####....
............#
............#
.......@...##
..?...O....# ...........#
..........## ..........#
.........## ........##
#.......#


You could see an ogre.

Vanquished Creatures
  Grinder (D:3)
  A hound (D:4)
  An orc wizard (D:3)
  Natasha (thrice) (D:2)
  2 adders
  3 gnolls (D:2)
  A dart slug (D:2)
  8 orcs (D:3)
  8 ball pythons
  4 bats
  7 endoplasms (D:1)
  3 giant cockroaches
  9 goblins
  4 hobgoblins
  9 jackals (D:1)
  A quokka (D:3)
  5 frilled lizards
  6 kobolds
  3 rats
79 creatures vanquished.

Notes
Turn   | Place    | Note
-------+----------+-------------------------------------------
     0 | D:1      | randomguy2701 the Gnoll Fighter began the quest for the
                  | Orb.
     0 | D:1      | Reached XP level 1. HP: 23/23 MP: 1/1
    43 | D:1      | Reached XP level 2. HP: 26/29 MP: 2/2
   157 | D:1      | Reached XP level 3. HP: 19/35 MP: 3/3
   350 | D:1      | Reached skill level 1 in Invocations
   614 | D:2      | Reached skill level 1 in Short Blades
   614 | D:2      | Reached skill level 1 in Long Blades
   614 | D:2      | Reached skill level 1 in Maces & Flails
   614 | D:2      | Reached skill level 1 in Polearms
   614 | D:2      | Reached skill level 1 in Staves
   614 | D:2      | Reached skill level 1 in Ranged Weapons
   614 | D:2      | Reached skill level 1 in Throwing
   614 | D:2      | Reached skill level 1 in Dodging
   614 | D:2      | Reached skill level 1 in Stealth
   614 | D:2      | Reached skill level 1 in Unarmed Combat
   614 | D:2      | Reached skill level 1 in Spellcasting
   614 | D:2      | Reached skill level 1 in Evocations
   615 | D:2      | Reached skill level 1 in Shapeshifting
   615 | D:2      | Reached XP level 4. HP: 41/41 MP: 5/5
   681 | D:2      | Noticed Natasha
   690 | D:2      | Killed Natasha
   691 | D:2      | Reached skill level 1 in Conjurations
   691 | D:2      | Reached skill level 1 in Hexes
   691 | D:2      | Reached skill level 1 in Summonings
   691 | D:2      | Reached skill level 1 in Necromancy
   691 | D:2      | Reached skill level 1 in Translocations
   691 | D:2      | Reached skill level 1 in Transmutations
   691 | D:2      | Reached skill level 1 in Fire Magic
   691 | D:2      | Reached skill level 1 in Ice Magic
   691 | D:2      | Reached skill level 1 in Air Magic
   691 | D:2      | Reached skill level 1 in Earth Magic
   691 | D:2      | Reached skill level 1 in Poison Magic
  1058 | D:2      | Found a faded altar of an unknown god.
  1064 | D:2      | Reached XP level 5. HP: 47/47 MP: 5/7
  1125 | D:2      | Found a shimmering altar of Xom.
  1503 | D:2      | Noticed Natasha
  1508 | D:2      | Killed Natasha
  1708 | D:2      | Noticed Natasha
  1710 | D:2      | Killed Natasha
  1732 | D:3      | Found a shimmering altar of Xom.
  1796 | D:3      | Became a worshipper of Xom the Unpredictable
  1964 | D:3      | Noticed Grinder
  1973 | D:3      | Killed Grinder
  1974 | D:3      | Reached skill level 5 in Axes
  1974 | D:3      | Reached XP level 6. HP: 24/53 MP: 7/9
  2253 | D:3      | Reached XP level 7. HP: 59/59 MP: 10/10
  2750 | D:4      | Noticed cforsyth's ghost (amateur DjDe)
  2773 | D:4      | Slain by an ogre

Illustrated notes

Levels and vault maps discovered:
D:1:      onia_arrival_pyramid, layout_basic
D:2:      layout_loops_ring, basic_altar, serial_forest,
          infiniplex_forest_lined_2, infiniplex_forest_lined_3,
          infiniplex_forest_lined_3, infiniplex_forest_straight_2,
          infiniplex_forest_zigzag_2, infiniplex_forest_clump_C,
          infiniplex_forest_clump_curved,
          shapermc_ecumenical_altar_totnotflames, kennysheep_decorative_pillar,
          uniq_natasha
D:3:      layout_rooms, lemuel_crystal_altar, wad_orctagon, uniq_grinder
D:4:      gammafunk_wand_slinger, layout_cave_pods, gammafunk_ghost_icy

Skill      XL: |  1  2  3  4  5  6  7 |
---------------+----------------------+-----
Invocations    | 1 2 |  2.5
Short Blades   | 1 2 |  2.3
Long Blades    | 1 2 |  2.3
Maces & Flails | 1 2 |  2.3
Polearms       | 1 2 |  2.3
Staves         | 1 2 |  2.3
Ranged Weapons | 1 2 |  2.3
Throwing       | 1 2 |  2.3
Dodging        | 1 2 |  2.3
Stealth        | 1 2 |  2.3
Unarmed Combat | 1 2 |  2.3
Spellcasting   | 1 2 |  2.3
Evocations     | 1 2 |  2.3
Shapeshifting  | 1 2 |  2.1
Conjurations   | 1 |  1.8
Hexes          | 1 |  1.8
Summonings     | 1 |  1.8
Necromancy     | 1 |  1.8
Translocations | 1 |  1.8
Transmutations | 1 |  1.8
Fire Magic     | 1 |  1.8
Ice Magic      | 1 |  1.8
Air Magic      | 1 |  1.8
Earth Magic    | 1 |  1.8
Poison Magic   | 1 |  1.8
Axes           | 5 |  5.1
Fighting       | 7 |  7.0
Armour         | 7 |  7.0
Shields        | 7 |  7.0

Action                     |  1- 3 |  4- 6 |  7- 9 || total
---------------------------+-------+-------+-------++-------
  Melee: War axe           |    94 |   101 |    20 ||   215
         Bite              |     7 |     7 |     2 ||    16
    Use: Scroll            |       |       |     1 ||     1
 Armour: Scale mail        |    70 |    75 |    11 ||   156
  Dodge: Dodged            |    46 |    54 |    15 ||   115
  Block: Buckler           |    28 |    31 |    12 ||    71

Table legend: (Time is in decaauts)
 A = Elapsed time spent in this place.
 B = Non-inter-level travel time spent in this place.
 C = Inter-level travel time spent in this place.
 D = Time resting spent in this place.
 E = Time spent auto-exploring this place.
 F = Levels seen in this place.
 G = Mean time per level.
                   A        B        C        D        E       F      G
               +--------+--------+--------+--------+--------+-----+--------+
         Total |   2905 |   2619 |    286 |    200 |   1840 |   4 |  726.2 |
       Dungeon |   2905 |   2619 |    286 |    200 |   1840 |   4 |  726.2 |
               +--------+--------+--------+--------+--------+-----+--------+

Top non-repeatable levels by time:
     D:2: 1152 daAuts
     D:3: 1030 daAuts
     D:1: 626 daAuts
     D:4: 95 daAuts
